 Dungeon Crawl Stone Soup version 0.23-a0-8-gb809bb7 (webtiles) character file.

7 Amnesiac the Magician (level 1, -1/13 HPs)
             Began as a Mummy Wizard on Aug 1, 2018.
             Slain by a jackal (3 damage)
             ... on level 3 of the Dungeon.
             The game lasted 00:00:35 (170 turns).

Amnesiac the Magician (Mummy Wizard)                 Turns: 170, Time: 00:00:35

Health: -1/13      AC:  2    Str: 10    XL:     1   Next: 83%
Magic:  4/6        EV: 12    Int: 17    God:
Gold:   10         SH:  0    Dex: 10    Spells: 8/9 levels left

rFire    x . .     SeeInvis .   b - +0 long sword
rCold    + . .     Gourm    .   (no shield)
rNeg     + + +     Faith    .   a - +0 robe
rPois    ∞         Spirit   .   (no helmet)
rElec    .         Reflect  .   (no cloak)
rCorr    .         Harm     .   (no gloves)
MR       .....                  (no boots)
Stlth    ++........             (no amulet)
HPRegen  0.04/turn              (no ring)
MPRegen  0.10/turn              (no ring)

@: very slightly contaminated
A: no food or potions, fire vulnerability, cold resistance 1, negative energy
resistance 3, torment resistance, unbreathing
a: no special abilities


You were on level 3 of the Dungeon.
You were not hungry.

You visited 1 branch of the dungeon, and saw 3 of its levels.

You collected 10 gold pieces.

Inventory:

Hand Weapons
 b - a +0 long sword (weapon)
Armour
 a - a +0 robe (worn)
Scrolls
 c - a scroll of identify {!r, unknown}
 d - a scroll of immolation {!r, unknown}
 e - a scroll of teleportation {!r, unknown}


   Skills:
 - Level 1.5 Dodging
 - Level 1.5 Stealth
 + Level 4.5 Spellcasting
 - Level 0.7 Conjurations
   Level 0.7 Summonings
   Level 0.7 Translocations


You had 8 spell levels left.
You knew the following spells:

 Your Spells              Type           Power        Failure   Level  Hunger
a - Magic Dart            Conj           #...         11%         1    N/A

Your spell library contained the following spells:

 Spells                   Type           Power        Failure   Level  Hunger
 Conjure Flame            Conj/Fire      #.......     36%         3    N/A
 Slow                     Hex            #.......     22%         2    N/A
 Mephitic Cloud           Conj/Pois/Air  #.......     38%         3    N/A
 Blink                    Tloc           N/A          17%         2    N/A
 Call Imp                 Summ           #.......     17%         2    N/A

Dungeon Overview and Level Annotations

Branches:
Dungeon (3/15)

Altars:


Innate Abilities, Weirdness & Mutations

You do not eat or drink.
Your flesh is vulnerable to fire.
You are immune to poison.
Your flesh is cold resistant. (rC+)
You are immune to negative energy. (rN+++)
You are immune to unholy pain and torment.
You can survive without breathing.


Message History

Found a coppery potion.
A rat comes into view.
The kobold shouts!
A dart slug comes into view.
The goblin barely misses you.
You riposte.
You hit the goblin.
You kill the goblin!
The rat closely misses you. The kobold barely misses you.
You riposte.
You closely miss the kobold.
There is a stone staircase leading down here.
The kobold barely misses you.
You riposte.
You slash the kobold!
You kill the kobold!
The rat barely misses you.
You climb downwards.
A worm comes into view.
Found a smoky golden potion.
Found an escape hatch in the ceiling.
There is a stone staircase leading up here.
Casting: Magic Dart (safe; 11% risk of failure)
Confirm with . or Enter, or press ? or * to list all spells.
Aiming: Magic Dart (safe; 11% risk of failure)
Press: ? - help, Shift-Dir - straight line, f - rat
Aim: a rat The magic dart hits the rat.
You kill the rat!
Unknown command.
Your magical contamination has completely faded away.
A rat comes into view.
A jackal comes into view.
The jackal barks!
You hear a shout!
A jackal comes into view.
Found a mace and a scroll labeled JOVVAR JOITU.
The jackal bites you but does no damage.
You see here a scroll labeled JOVVAR JOITU {!r}.
e - a scroll labeled JOVVAR JOITU {!r} The jackal closely misses you.
The jackal misses you.
An adder comes into view.
The adder hisses angrily.
The jackal closely misses you.
You barely miss the adder. The adder bites you. The jackal closely misses you.
You riposte.
You hit the jackal.
The jackal is moderately wounded.
The adder bites you. The jackal closely misses you. The adder bites you.
* * * LOW HITPOINT WARNING * * *
The adder bites you.
* * * LOW HITPOINT WARNING * * *
The jackal bites you.
* * * LOW HITPOINT WARNING * * *
Casting: Magic Dart (safe; 11% risk of failure)
Confirm with . or Enter, or press ? or * to list all spells.
Aiming: Magic Dart (safe; 11% risk of failure)
Press: ? - help, Shift-Dir - straight line, f - jackal
Aim: a jackal (lightly wounded)
You miscast Magic Dart.
You are very lightly contaminated with residual magic.
Your skin tingles.
Unknown command.
Casting: Magic Dart (safe; 11% risk of failure)
Confirm with . or Enter, or press ? or * to list all spells.
Aiming: Magic Dart (safe; 11% risk of failure)
Press: ? - help, Shift-Dir - straight line, f/p - jackal
Aim: a jackal (lightly wounded)
You miscast Magic Dart.
Your skin tingles.
The jackal bites you.
You die...

............##.#
#........#.##.###
##...##..)#......#
#......r.......#.#
#....##.########.#
#r..........# #.#
#hS.....###.# #.#
#h####### #.# #@#
#.# #.# #.. ...
### ##.## # #.# #
#.. # ##. .


You could see an adder, 2 jackals and a rat.

Vanquished Creatures
  2 goblins (D:2)
  2 frilled lizards (D:2)
  A kobold (D:2)
  3 rats
8 creatures vanquished.

Notes
Turn   | Place    | Note
-------+----------+-------------------------------------------
     0 | D:1      | Amnesiac the Mummy Wizard began the quest for the Orb.
     0 | D:1      | Reached XP level 1. HP: 13/13 MP: 5/5
   170 | D:3      | Slain by a jackal

Vault maps used:
D:1:      dpeg_arrival_shrine, st_stairs_9
D:2:      nicolae_ru_awakened_eye, minmay_lizard_pond
D:3:      lemuel_old_faithful, uniq_robin

Action                   || total
-------------------------++-------
Melee: Long sword        ||     1
 Cast: Magic Dart        ||     7
Armor: Robe              ||     1
Dodge: Dodged            ||    10
       Rpst.: Long sword ||     4

Table legend:
 A = Spawn XP
 B = Non-spawn XP
 C = Spawn XP percentage of total XP
 D = Spawn monster count
 E = Non-spawn monster count
 F = Spawn count percentage of total count
 G = Total turns spent on level
                    A         B        C        D         E        F      G
               +---------+---------+-------+---------+---------+-------+---------
         Total |       0 |      10 |   0.0 |       0 |       8 |   0.0 |   170
               +---------+---------+-------+---------+---------+-------+---------
           D:1 |       0 |       1 |   0.0 |       0 |       1 |   0.0 |    71
           D:2 |       0 |       8 |   0.0 |       0 |       6 |   0.0 |    50
           D:3 |       0 |       1 |   0.0 |       0 |       1 |   0.0 |    49
               +---------+---------+-------+---------+---------+-------+---------
